 Dungeon Crawl Stone Soup version 0.22-a0-609-gfedc9ff (webtiles) character file.

1519 Gildeon the Covert (level 8, 0/39 HPs)
             Began as a Spriggan Assassin on July 10, 2018.
             Slain by a bullfrog (4 damage)
             ... on level 7 of the Dungeon.
             The game lasted 00:46:45 (7542 turns).

Gildeon the Covert (Spriggan Assassin)              Turns: 7542, Time: 00:46:46

Health: 0/39       AC:  3    Str:  9    XL:     8   Next: 54%
Magic:  14/14      EV: 20    Int: 13    God:
Gold:   355        SH:  0    Dex: 17    Spells: 13/14 levels left

rFire    . . .     SeeInvis +   a - +2 dagger
rCold    . . .     Gourm    .   (shield restricted)
rNeg     . . .     Faith    .   c - +0 robe
rPois    .         Spirit   .   (helmet restricted)
rElec    .         Reflect  .   d - +0 cloak
rCorr    .         Harm     .   (gloves unavailable)
MR       +....                  (boots unavailable)
Stlth    +++++.....             (no amulet)
HPRegen  0.13/turn              (no ring)
MPRegen  0.14/turn              (no ring)

@: very slightly contaminated, very quick
A: very small, unfitting armour, see invisible, herbivore, speed 3, slow
metabolism 2
a: no special abilities


You were on level 7 of the Dungeon.
You were not hungry.

You visited 1 branch of the dungeon, and saw 7 of its levels.

You collected 355 gold pieces.

Inventory:

Hand Weapons
 a - a +2 dagger (weapon)
 b - a +0 blowgun
 k - a cursed -2 long sword
Missiles
 e - 27 poisoned needles
 f - 6 curare-tipped needles
Armour
 c - a +0 robe (worn)
 d - a +0 cloak (worn)
 l - a scarf of resistance
Scrolls
 i - 2 scrolls of fog
 j - 2 scrolls of teleportation
Potions
 h - a potion of lignification
 m - a potion of agility
 n - 2 potions of haste
 o - a potion of invisibility
 p - a potion of berserk rage {unknown}
 q - a potion of magic {unknown}
 r - a potion of ambrosia {unknown}
 v - a potion of resistance {unknown}
Comestibles
 g - 6 rations


   Skills:
 - Level 2.1 Fighting
 + Level 7.1 Short Blades
 - Level 5.0 Throwing
 + Level 0.4 Armour
 - Level 5.1 Dodging
 - Level 10.0 Stealth
 + Level 3.5 Spellcasting


You had 13 spell levels left.
You knew the following spells:

 Your Spells              Type           Power        Failure   Level  Hunger
a - Beastly Appendage     Tmut           #.....       22%         1    #......

Your spell library contained the following spells:

 Spells                   Type           Power        Failure   Level  Hunger
 Spider Form              Tmut/Pois      #.........   54%         3    ###....
 Blade Hands              Tmut           #.........   99%         5    ######.
 Ice Form                 Ice/Tmut       #.......     91%         4    #####..
 Sticks to Snakes         Tmut           #.......     32%         2    ##.....


Dungeon Overview and Level Annotations

Branches:
Dungeon (7/15)
 Temple: D:4-7

Altars:
Gozag
Hepliaklqana
Makhleb
Nemelex Xobeh
Uskayaw
Zin

Annotations:
D:4 2 transporters, 4 runed doors
D:6 exclusion: black bear


Innate Abilities, Weirdness & Mutations

You are very small and have problems with some larger weapons.
You are too small for most types of armour.
You have supernaturally acute eyesight. (SInv)
You are a herbivore.
You cover ground extremely quickly.
You need to consume almost no food.


Message History

You see here a poisoned needle.
Found 7 tomahawks.
Firing (i - inventory. (/) - cycle)
e - 28 poisoned needles (quivered)
Press: ? - help, Shift-Dir - straight line, f/p - bullfrog
Aim: a bullfrog (almost dead, poisoned)
You shoot a poisoned needle. The poisoned needle hits the bullfrog.
The bullfrog looks even sicker.
The bullfrog is almost dead.
Really attack while wielding your +0 blowgun? [Y]es or [N]o only, please.
Really attack while wielding your +0 blowgun?
Okay, then.
Wield which item (- for none, * to show all)? (? for menu, Esc to quit)
a - a +2 dagger (weapon)
The bullfrog hits you.
* * * LOW HITPOINT WARNING * * *
You closely miss the bullfrog.
The bullfrog is almost dead.
The bullfrog hits you.
You die...

.###.#.# #.#.#####.##
.......# #.#........#
.......# #.#.########
####.#.# #.#.# ...#.#
#.### #####(#
#........ #(#
..).Z..F.
######.##############
..5(..$.(......F@(..#
######.###########.##
...# .# ##### #


You could see a bullfrog.

Vanquished Creatures
  A hippogriff (D:7)
  Edmund (D:4)
  Duvessa (D:4)
  A sky beast (D:6)
  2 ogres
  A phantom (D:4)
  A big kobold (D:5)
  Dowan (D:4)
  A scorpion (D:4)
  A water moccasin skeleton (D:5)
  A howler monkey (D:4)
  A crimson imp (D:5)
  A centaur zombie (D:7)
  A quasit (D:5)
  4 hounds
  An iguana (D:5)
  2 jellies (D:6)
  3 worker ants
  A howler monkey zombie (D:6)
  An adder (D:4)
  3 shadow imps
  2 oozes (D:4)
  2 adder skeletons (D:4)
  An adder zombie (D:6)
  4 worms
  A dart slug (D:1)
  3 leopard geckos
  5 orcs
  A ball python (D:1)
  10 bats
  4 giant cockroaches
  6 goblins
  7 hobgoblins
  7 jackals (D:2)
  5 quokkas
  A ball python skeleton (D:4)
  3 frilled lizards
  A jackal skeleton (D:6)
  8 kobolds
  3 rats
104 creatures vanquished.

Notes
Turn   | Place    | Note
-------+----------+-------------------------------------------
     0 | D:1      | Gildeon the Spriggan Assassin began the quest for the Orb.
     0 | D:1      | Reached XP level 1. HP: 10/10 MP: 2/2
   261 | D:1      | Reached skill level 6 in Stealth
   311 | D:1      | Reached XP level 2. HP: 12/14 MP: 3/3
  1361 | D:2      | Reached XP level 3. HP: 14/18 MP: 4/4
  2737 | D:3      | Found a hide-covered altar of Uskayaw.
  3306 | D:4      | Found a transporter.
  3308 | D:4      | Found a transporter.
  3317 | D:4      | Noticed a phantom
  3407 | D:4      | Reached skill level 7 in Stealth
  3407 | D:4      | Reached XP level 4. HP: 20/22 MP: 5/5
  3448 | D:4      | Noticed an ogre
  3499 | D:4      | Noticed Dowan
  3500 | D:4      | Noticed Duvessa
  3911 | D:4      | Found a burning altar of Makhleb.
  3932 | D:4      | Noticed Edmund
  3989 | D:4      | Found a large runed door.
  4097 | D:4      | Found a large runed door.
  4097 | D:4      | Found a large runed door.
  4103 | D:4      | Reached XP level 5. HP: 25/25 MP: 6/6
  4279 | D:4      | Found a large runed door.
  4297 | D:4      | Reached skill level 5 in Dodging
  4297 | D:4      | Reached skill level 8 in Stealth
  4305 | D:4      | Reached XP level 6. HP: 27/30 MP: 7/7
  4358 | D:5      | Entered Level 5 of the Dungeon
  4375 | D:5      | Learned a level 1 spell: Beastly Appendage
  4480 | D:5      | Found a hazy altar of Hepliaklqana.
  4480 | D:5      | Found a glowing silver altar of Zin.
  4665 | D:5      | Found an opulent altar of Gozag.
  4982 | D:5      | Found a sparkling altar of Nemelex Xobeh.
  5074 | D:5      | Reached skill level 5 in Short Blades
  5155 | D:5      | Reached XP level 7. HP: 13/33 MP: 8/8
  5467 | D:6      | Reached skill level 9 in Stealth
  6598 | D:4      | Killed Duvessa
  6598 | D:4      | Reached skill level 10 in Stealth
  6668 | D:4      | Killed Dowan
  6668 | D:4      | Reached XP level 8. HP: 8/37 MP: 8/10
  7104 | D:4      | Reached skill level 1 in Spellcasting
  7247 | D:4      | Killed Edmund
  7247 | D:4      | Reached skill level 5 in Throwing
  7392 | D:7      | Noticed a hippogriff
  7399 | D:7      | Killed a hippogriff
  7542 | D:7      | Slain by a bullfrog

Vault maps used:
D:1:      lemuel_arrival_funnel
D:2:      minmay_misc_feat_enclosed
D:3:      overflow_temple_1_default, first_ration, minmay_crystal_room
D:4:      gammafunk_steamed_eel, overflow_temple_1_default, serial_bayou,
          serial_bayou_pond_a, serial_bayou_ford_a, serial_bayou_shore_b,
          serial_bayou_crossing, st_stairs_6, wad_floor_pattern_untrapped,
          minmay_hollow_rounded_squares, uniq_edmund, uniq_duvessa
D:5:      gammafunk_temple_overflow_wave, basic_altar,
          nicolae_gozag_seed_capital
D:7:      minitemple, minmay_temple_entry_butterflies, grunt_ministairs_13,
          the_bakery, vehumet_altar_wand_db

Skill      XL: |  1  2  3  4  5  6  7  8 |
---------------+-------------------------+-----
Dodging        | 2 3 4 5 |  5.1
Stealth        | 6 7 8 10 | 10.0
Short Blades   | 3 4 5 6 7 |  7.1
Throwing       | 3 4 5 |  5.0
Spellcasting   | 3 |  3.5
Fighting       | 2 |  2.1
Armour         | |  0.4

Action                   |  1- 3 |  4- 6 |  7- 9 || total
-------------------------+-------+-------+-------++-------
Melee: Dagger            |   156 |    96 |   147 ||   399
 Fire: Blowgun           |    54 |    51 |    33 ||   138
  Use: Scroll            |     8 |     2 |     3 ||    13
       Potion            |     1 |       |       ||     1
 Stab: Sleeping          |    15 |    10 |     9 ||    34
       Distracted        |       |       |     1 ||     1
  Eat: Ration            |       |     1 |     1 ||     2
Armor: Robe              |    20 |     6 |     8 ||    34
Dodge: Dodged            |   160 |    79 |   105 ||   344

Table legend:
 A = Spawn XP
 B = Non-spawn XP
 C = Spawn XP percentage of total XP
 D = Spawn monster count
 E = Non-spawn monster count
 F = Spawn count percentage of total count
 G = Total turns spent on level
                    A         B        C        D         E        F      G
               +---------+---------+-------+---------+---------+-------+---------
         Total |       0 |    2170 |   0.0 |       0 |     104 |   0.0 |  7542
               +---------+---------+-------+---------+---------+-------+---------
           D:1 |       0 |      32 |   0.0 |       0 |      17 |   0.0 |  1150
           D:2 |       0 |      44 |   0.0 |       0 |      20 |   0.0 |  1328
           D:3 |       0 |      20 |   0.0 |       0 |      10 |   0.0 |   828
           D:4 |       0 |     960 |   0.0 |       0 |      26 |   0.0 |  1828
           D:5 |       0 |     525 |   0.0 |       0 |      16 |   0.0 |  1381
           D:6 |       0 |     263 |   0.0 |       0 |      11 |   0.0 |   825
           D:7 |       0 |     326 |   0.0 |       0 |       4 |   0.0 |   202
               +---------+---------+-------+---------+---------+-------+---------
